 Dungeon Crawl Stone Soup version 0.16.1-11-g651b585 (webtiles) character file.

1601 hulla the Fighter (level 8, -3/62 HPs)
             Began as an Octopode Transmuter on Apr 7, 2015.
             Killed by divine providence
             ... invoked by an orc priest
              (14 damage)
             ... on level 7 of the Dungeon.
             The game lasted 00:37:57 (8114 turns).

hulla the Fighter (Octopode Transmuter)             Turns: 8114, Time: 00:37:59

Health: -3/62      AC:  2    Str:  9    XL:     8   Next: 94%
Magic:  15/22      EV: 19    Int: 18    God:
Gold:   310        SH:  0    Dex: 17    Spells: 4 memorised, 1 level left

rFire  . . .     SeeInvis +       - Unarmed
rCold  . . .     Clarity  .     (shield currently unavailable)
rNeg   . . .     SustAb   +     (helmet currently unavailable)
rPois  x         Gourm    .     (no amulet)
rElec  .         Spirit   .     c - ring of magical power
rCorr  .         Warding  .     e - ring of protection from magic
rMut   .         Stasis   .     m - ring of sustain abilities
MR     +....                    s - ring of see invisible
Stlth  +++.......               (no ring)
                                (no ring)
                                (no ring)
                                (no ring)

@: lethally poisoned (-3 -> -4), spider-form, somewhat resistant to hostile
enchantments, fairly stealthy
A: almost no armour, amphibious, 8 rings, (constrict 8), (camouflage 0),
(gelatinous body 0)
a: End Transformation


You were on level 7 of the Dungeon.
You were not hungry.
You were a venomous arachnid creature.
You visited 2 branches of the dungeon, and saw 8 of its levels.

You collected 310 gold pieces.

Inventory:

Missiles
 b - 73 arrows
 g - 34 stones (quivered)
 k - 28 sling bullets
Jewellery
 c - a ring of magical power (left front leg)
 e - a ring of protection from magic (right front leg)
 m - a ring of sustain abilities (on tentacle)
 s - a ring of see invisible (on tentacle)
 v - an uncursed ring of ice
Magical devices
 l - a wand of slowing (19)
 o - a wand of lightning (4)
Scrolls
 f - a scroll of magic mapping
 i - a scroll of teleportation
 q - a scroll of remove curse
 u - a scroll of random uselessness {unknown}
 x - a scroll of identify
Potions
 h - a potion of agility
 r - a potion of curing
Books
 d - a book of Changes

   Spells                             Type                      Level
   a - Beastly Appendage              Transmutation                1
   b - Sticks to Snakes               Transmutation                2
   c - Spider Form                    Transmutation/Poison         3
   d - Ice Form                       Ice/Transmutation            4
   e - Blade Hands                    Transmutation                5
Comestibles
 a - 7 bread rations
 j - 2 meat rations
 n - 3 fruits
 p - 6 chunks of flesh
 t - a beef jerky
 w - a slice of pizza


   Skills:
 - Level 8.3 Fighting
 - Level 2.0 Dodging
 - Level 2.6 Stealth
 - Level 3.0 Unarmed Combat
 - Level 2.0 Spellcasting
 + Level 4.0 Transmutations
 + Level 4.1 Ice Magic
 - Level 4.3 Poison Magic


You had one spell level left.
You knew the following spells:

 Your Spells              Type           Power        Failure   Level  Hunger
a - Beastly Appendage     Trmt           ###...       12%         1    #......
b - Spider Form           Trmt/Pois      ###.......   28%         3    ###....
c - Sticks to Snakes      Trmt           ###.......   17%         2    ###....
d - Ice Form              Ice/Trmt       ###.....     56%         4    #####..


Dungeon Overview and Level Annotations

Branches:
Dungeon (7/15)             Temple (1/1) D:6

Altars:
Ashenzari
Cheibriados
Dithmenos
Elyvilon
Fedhas
Gozag
Kikubaaqudgha
Okawaru
Ru
Trog
Yredelemnul
Zin
The Shining One

Annotations:
D:4 Edmund; giann's ghost, average GrFE


Innate Abilities, Weirdness & Mutations

You cannot wear most types of armour.
You are amphibious.
You can wear up to eight rings at the same time.
((You can use your tentacles to constrict many enemies at once.))
((Your skin changes colour to match your surroundings (Stealth).))
((Your rubbery body absorbs attacks (AC +1).))


Message History

You feel sick.
Casting: Spider Form
Confirm with . or Enter, or press ? or * to list all spells.
You don't know that spell.
Unknown command.
Wield which item (- for none, * to show all)? (? for menu, Esc to quit)
b - 75 arrows (in tentacle)
Casting: Spider Form
Confirm with . or Enter, or press ? or * to list all spells.
You create a snake!
You feel sick.
Casting: Sticks to Snakes
Confirm with . or Enter, or press ? or * to list all spells.
You create a snake!
Casting: Sticks to Snakes
Confirm with . or Enter, or press ? or * to list all spells.
You turn into a venomous arachnid creature.
Your 73 arrows fall away!
You are now empty-handed.
The orc priest invokes the aid of Beogh against you.
Something smites you!
You die...

## ########### ..
#..........
#####.##############
#.########.
.......))........o.#
#.# #.
#####.############)#
#.# ##. # ###)####.#
#.. #so.%.##.# #..
###S.S..##.## #..
### #...........#
### ..#
#.#.....##..# ..#
#.......##..# ..#
#####...........#
..oo.
............####.#
..#o. #######....#.#
#.# ### ..# #
.........#.#.# #.#
#..


You could see an orc priest and 2 friendly ball pythons.

Vanquished Creatures
  A centaur skeleton (D:6)
  A sky beast (D:6)
  An orc warrior (D:7)
  An ogre (D:5)
  A centaur (D:5)
  A giant frog (D:7)
  2 scorpions
  2 wights (D:7)
  A goliath beetle (D:7)
  3 hounds
  3 orc wizards
  A worker ant (D:6)
  4 orc priests
  2 iguanas
  2 hound zombies
  A hound skeleton (D:4)
  3 gnolls (D:7)
  6 adders
  4 giant mites
  A worm (D:3)
  3 shadow imps
  An adder zombie (D:5)
  2 giant geckos (D:5)
  27 orcs
  A ball python (D:7)
  8 bats
  18 hobgoblins
  9 kobolds
  4 quokkas
  4 giant cockroaches
  3 giant newts
  8 goblins
  9 jackals
  2 quokka skeletons
  13 rats
153 creatures vanquished.

Vanquished Creatures (collateral kills)
  A wight (D:7)
  A worm (D:2)
2 creatures vanquished.

Grand Total: 155 creatures vanquished

Notes
Turn   | Place    | Note
--------------------------------------------------------------
     0 | D:1      | hulla, the Octopode Transmuter, began the quest for the Orb.
     0 | D:1      | Reached XP level 1. HP: 13/13 MP: 3/3
   115 | D:1      | Reached XP level 2. HP: 11/18 MP: 4/4
  1202 | D:1      | Reached XP level 3. HP: 21/23 MP: 4/6
  1207 | D:1      | Learned a level 3 spell: Spider Form
  1210 | D:1      | Learned a level 2 spell: Sticks to Snakes
  2037 | D:2      | Reached skill level 4 in Transmutations
  2077 | D:2      | Reached skill level 1 in Poison Magic
  2077 | D:2      | Reached XP level 4. HP: 24/28 MP: 5/7
  3025 | D:3      | Gained mutation: You are resistant to hostile enchantments. [potion of mutation]
  3025 | D:3      | Gained mutation: You can breathe flames. [potion of mutation]
  3074 | D:3      | Reached XP level 5. HP: 30/33 MP: 5/9
  3459 | D:3      | Found a glowing silver altar of Zin.
  3909 | D:4      | Noticed giann's ghost (average GrFE)
  4156 | D:4      | Noticed a phantom
  4342 | D:4      | Noticed Edmund
  4350 | D:5      | Entered Level 5 of the Dungeon
  4350 | D:5      | Noticed a centaur
  4797 | D:5      | Reached XP level 6. HP: 19/41 MP: 7/10
  4996 | D:5      | Lost mutation: You are resistant to hostile enchantments. [potion of cure mutation]
  4996 | D:5      | Lost mutation: You can breathe flames. [potion of cure mutation]
  5008 | D:5      | Noticed an ogre
  5019 | D:5      | Killed an ogre
  5115 | D:5      | Found a shadowy altar of Dithmenos.
  5175 | D:5      | Found an opulent altar of Gozag.
  5212 | D:5      | Killed a centaur
  5460 | D:5      | Reached XP level 7. HP: 41/49 MP: 12/12
  5550 | D:5      | Reached skill level 5 in Fighting
  5981 | D:5      | Found an ancient bone altar of Kikubaaqudgha.
  6172 | D:5      | Found a glowing golden altar of the Shining One.
  6253 | D:6      | Noticed a centaur skeleton
  6278 | D:6      | Killed a centaur skeleton
  6278 | D:6      | Reached skill level 7 in Fighting
  6278 | D:6      | Reached XP level 8. HP: 13/60 MP: 13/13
  6782 | D:6      | Found a staircase to the Ecumenical Temple.
  6810 | Temple   | Entered the Ecumenical Temple
  7063 | D:7      | Reached skill level 8 in Fighting
  7270 | D:7      | Reached skill level 1 in Stealth
  7559 | D:7      | Learned a level 4 spell: Ice Form
  7682 | D:7      | Reached skill level 1 in Ice Magic
  8114 | D:7      | Killed from afar by an orc priest

Action                   |  1- 3 |  4- 6 |  7- 9 || total
-------------------------+-------+-------+-------++-------
Melee: Unarmed           |    76 |   173 |   256 ||   505
Throw: Stone             |       |    19 |       ||    19
 Cast: Beastly Appendage |     9 |    12 |     5 ||    26
       Sticks to Snakes  |     1 |     1 |    17 ||    19
       Spider Form       |       |    15 |    26 ||    41
 Abil: Breathe Fire      |       |     1 |       ||     1
       End Transformatio |       |     1 |     2 ||     3
  Use: Potion            |     3 |     6 |     1 ||    10
       Scroll            |     2 |     2 |     3 ||     7
 Stab: Sleeping          |     2 |     1 |     2 ||     5
       Distracted        |       |     1 |       ||     1
  Eat: Chunk             |     3 |    10 |    13 ||    26
       Fruit             |       |     2 |     1 ||     3
       Pizza             |       |       |     1 ||     1
